 Dungeon Crawl Stone Soup version 0.27.1-1-g398f81649c (webtiles) character file.

Game seed: 16044909579920507167

7 VictoriousLee the Covered (level 2, -1/24 HPs)
             Began as a Barachi Fighter on Sept 9, 2021.
             Slain by a quokka (2 damage)
             ... on level 1 of the Dungeon.
             The game lasted 00:01:41 (174 turns).

VictoriousLee the Covered (Barachi Fighter)          Turns: 174, Time: 00:01:42

Health: -1/24      AC:  6    Str: 17    XL:     2   Next: 4%
Magic:  2/2        EV:  7    Int:  8    God:
Gold:   0          SH:  9    Dex: 11    Spells: 1/1 levels left

rFire    . . .     SeeInvis .   a - +0 long sword
rCold    . . .     Faith    .   c - +0 kite shield
rNeg     . . .     Spirit   .   b - +0 scale mail
rPois    .         Reflect  .   (no helmet)
rElec    .         Harm     .   (no cloak)
rCorr    .         Rampage  .   (no gloves)
Will     .....                  (no boots)
Stlth    ..........             (no amulet)
HPRegen  0.08/turn              (no ring)
MPRegen  0.08/turn              (no ring)

@: slow
A: amphibious, slowness 1, strong legs 1, +LOS
a: Hop


You were on level 1 of the Dungeon.
You visited 1 branch of the dungeon, and saw 1 of its levels.

Inventory:

Hand Weapons
 a - a +0 long sword (weapon)
Armour
 b - a +0 scale mail (worn)
 c - a +0 kite shield (worn)
Potions
 d - a potion of might


   Skills:
 - Level 3.6 Fighting
 + Level 3.3 Long Blades
 - Level 3.6 Armour
 - Level 3.2 Shields


You had one spell level left.
You didn't know any spells.
Your spell library was empty.

Dungeon Overview and Level Annotations

Branches:
Dungeon (1/15)

Altars:


Innate Abilities, Weirdness & Mutations

You are amphibious.
You cover ground slowly.
You can hop short distances.
You have an extended range of vision and can be seen from far away.


Message History

You block the bat's attack.
The bat hits you. 2 quokkas come into view.
You block the bat's attack.
You hit the bat.
You kill the bat!
The quokka barely misses you. The quokka barely misses you.
The quokka bites you.
You miss the quokka. The quokka bites you.
You miss the quokka.
The quokka bites you but does no damage.
You block the quokka's attack.
You closely miss the quokka. The quokka bites you.
The quokka barely misses you.
You riposte.
You barely miss the quokka. You miss the quokka. The quokka bites you.
The quokka bites you but does no damage.
You are too injured to fight recklessly!
You are too injured to fight recklessly!
You are too injured to fight recklessly!
You are too injured to fight recklessly!
You barely miss the quokka.
The quokka bites you but does no damage.
The quokka bites you.
* * * LOW HITPOINT WARNING * * *
You hit the quokka.
You kill the quokka!
You have reached level 2!
You hit the quokka but do no damage. You block the quokka's attack. x2
You hit the quokka but do no damage. The quokka bites you.
* * * LOW HITPOINT WARNING * * *
You block the quokka's attack.
You hit the quokka but do no damage.
The quokka bites you but does no damage. x2
You closely miss the quokka. You block the quokka's attack.
You hit the quokka.
The quokka is moderately wounded.
The quokka bites you but does no damage.
The quokka bites you.
You die...

.>. ....# #+##.. ..[
#.##.. ... #.##..
#.### #.##.. #?.[#
#.# #.###.†.# #.#
##.r.#.....# #.#
#r#...###..#
.########.###@#)..#
.#
..............###.#
#########.###....#..
#...(..###... ##
#......# ####
.###### #......#
#.##.. ####.######
##.#.#.##..#.#
#..#.##....#.#


You could see a quokka.

Vanquished Creatures
  A giant cockroach (D:1)
  2 jackals (D:1)
  2 quokkas (D:1)
  A bat (D:1)
6 creatures vanquished.

Notes
Turn   | Place    | Note
-------+----------+-------------------------------------------
     0 | D:1      | VictoriousLee the Barachi Fighter began the quest for the
                  | Orb.
     0 | D:1      | Reached XP level 1. HP: 18/18 MP: 1/1
   170 | D:1      | Reached XP level 2. HP: 5/24 MP: 2/2
   171 | D:1      | HP: 1/24 [quokka (4)]
   174 | D:1      | Slain by a quokka

Illustrated notes

Levels and vault maps discovered:
D:1:      dpeg_arrival_signposts, layout_basic, minmay_pentomino_v4

Skill      XL: |  1 |
---------------+----+-----
Long Blades    | 3 |  3.3
Fighting       | |  3.6
Armour         | |  3.6
Shields        | |  3.2

Action                   || total
-------------------------++-------
Melee: Long sword        ||    24
Armor: Scale mail        ||    12
Dodge: Dodged            ||     7
Block: Kite shield       ||    14
       Rpst.: Long sword ||     2
